 Dungeon Crawl Stone Soup version 0.18.1-8-gdd0e5ea (webtiles) character file.

21 Hipnos the Digger (level 2, -1/22 HPs)
             Began as a Gargoyle Earth Elementalist on May 30, 2016.
             Slain by a gnoll
             ... wielding a +0 flail
              (4 damage)
             ... on level 2 of the Dungeon.
             The game lasted 00:03:52 (797 turns).

Hipnos the Digger (Gargoyle Earth Elementalist)      Turns: 797, Time: 00:03:52

Health: -1/22      AC: 21    Str:  8 (11) XL:     2   Next: 87%
Magic:  4/5        EV:  2    Int: 12 (15) God:
Gold:   100        SH:  0    Dex:  7 (10) Spells: 1 memorised, 4 levels left

rFire  . . .     SeeInvis .     b - 65 stones
rCold  . . .     Gourm    .     (armour currently unavailable)
rNeg   + + +     Faith    .     (no shield)
rPois  ∞         Spirit   .     (helmet currently unavailable)
rElec  .         Dismiss  .     (cloak currently unavailable)
rCorr  .         Reflect  .     (gloves currently unavailable)
SustAt .         Harm     .     (boots currently unavailable)
MR     .....     NoTele   +     (no amulet)
Stlth  ++........               (no ring)
                                (no ring)

@: tree-form, not resistant to hostile enchantments, unstealthy
A: negative energy resistance 1, (electricity resistance), (unbreathing),
petrification resistance, rot immunity, AC +2
a: no special abilities


You were on level 2 of the Dungeon.
You were not hungry.
You were a tree.
You visited 1 branch of the dungeon, and saw 2 of its levels.

You collected 100 gold pieces.

Inventory:

Hand Weapons
 q - a +0 whip
Missiles
 b - 65 stones (in branch)
Armour
 a - a +0 robe (melded)
 m - a +2 helmet (melded)
Scrolls
 e - a scroll of amnesia {unknown}
 h - a scroll of recharging {unknown}
 j - a scroll of remove curse {unknown}
 l - a scroll of identify {unknown}
 o - a scroll of fog {unknown}
 p - a scroll of enchant weapon {unknown}
Potions
 k - a potion of degeneration
Books
 c - a book of Geomancy

   Spells                             Type                      Level
   a - Sandblast                      Earth                        1
   b - Passwall                       Transmutation/Earth          2
   c - Stone Arrow                    Conjuration/Earth            3
   d - Petrify                        Transmutation/Earth          4
   e - Lee's Rapid Deconstruction     Earth                        5
Comestibles
 d - 2 bread rations
 g - a meat ration
 i - a beef jerky


   Skills:
 + Level 0.2 Fighting
 + Level 1.6 Dodging
 - Level 2.1 Stealth
 + Level 2.3 Spellcasting
   Level 0.7 Transmutations
 * Level 4.4 Earth Magic


You had 4 spell levels left.
You knew the following spells:

 Your Spells              Type           Power        Failure   Level  Hunger
a - Sandblast             Erth           ##....       4%          1    ##.....


Dungeon Overview and Level Annotations

Branches:
Dungeon (2/15)

Altars:


Innate Abilities, Weirdness & Mutations

You are resistant to torment.
((Your stone body is resilient (AC +2).))
You are immune to poison.
You resist negative energy.
((You are resistant to electric shocks.))
((You can survive without breathing.))
You are immune to petrification.
You are immune to rotting.


Message History

You feel weakened.
You feel dopey.
You feel clumsy.
Drink which item? (? for menu, Esc to quit)
It was a potion of lignification.
You turn into a tree.
Your +2 helmet melds into your body.
Your +0 robe melds into your body.
Your roots penetrate the ground.
The net rips apart!
The gnoll throws a throwing net.
The throwing net hits you.
You become entangled in the net!
The gnoll hits you but does no damage.
You struggle against the net.
You try to slip out of the net.
The gnoll hits you but does no damage. The gnoll hits you.
* * * LOW HITPOINT WARNING * * *
The gnoll hits you but does no damage.
You try to slip out of the net.
The gnoll hits you but does no damage. The gnoll hits you with a flail.
* * * LOW HITPOINT WARNING * * *
The gnoll hits you but does no damage.
You struggle against the net.
The gnoll hits you but does no damage. x2
You slip out of the net!
The gnoll hits you but does no damage. x2
The gnoll hits you with a flail.
You die...

########## #.........
....g
####.##########.....
#..................#
#.##g#.#...#####...#
#...♣#.#...#.. ....##
#..#g#.#...#.# ....(.
#..#g#.###.#[##...gg.
## #g..gg........#
......##.###....$..#
...... #.# #.......#
...... #...........#
...... #####(..?...#
#.#### ######..#


You could see 4 gnolls.

Vanquished Creatures
  A dart slug (D:1)
  2 bats (D:1)
  A giant cockroach (D:1)
  5 goblins (D:1)
  2 hobgoblins (D:1)
  A ball python (D:1)
  3 kobolds (D:1)
  A rat (D:1)
16 creatures vanquished.

Notes
Turn   | Place    | Note
--------------------------------------------------------------
     0 | D:1      | Hipnos the Gargoyle Earth Elementalist began the quest for the Orb.
     0 | D:1      | Reached XP level 1. HP: 10/10 MP: 3/3
   216 | D:1      | Reached skill level 4 in Earth Magic
   216 | D:1      | Reached XP level 2. HP: 12/15 MP: 1/5
   797 | D:2      | Slain by a gnoll

Skill      XL: |  1 |
---------------+----+-----
Earth Magic    | 4 |  4.4
Fighting       | |  0.2
Dodging        | |  1.6
Stealth        | |  2.1
Spellcasting   | |  2.3
Transmutations | |  0.7

Action                   || total
-------------------------++-------
 Cast: Sandblast         ||    26
  Use: Potion            ||     2
Armor: Robe              ||    14
       Skin              ||     9
Dodge: Dodged            ||    33
